 Dungeon Crawl Stone Soup version 0.30-a0-297-g0ec75d9ef4 (webtiles) character file.

Game seed: 15127517558389770141

1 NinjaNoafa the Ducker (level 1, -7/11 HPs)
             Began as a Spriggan Gladiator on Oct 19, 2022.
             Mangled by a kobold
             ... wielding a +2 whip of electrocution
              (16 damage)
             ... on level 1 of the Dungeon.
             The game lasted 00:00:10 (54 turns).

NinjaNoafa the Ducker (Spriggan Gladiator)            Turns: 54, Time: 00:00:10

Health: -7/11      AC:  2    Str: 10    XL:     1   Next: 16%
Magic:  2/2        EV: 18    Int:  9    God:
Gold:   0          SH:  0    Dex: 16    Spells: 0/0 levels left

rFire   . . .      SeeInvis +    a - +0 rapier
rCold   . . .      Faith    .    (no shield)
rNeg    . . .      Spirit   .    b - +0 robe
rPois   .          Reflect  .    c - +0 hat
rElec   .          Harm     .    (no cloak)
rCorr   .          Rampage  .    (gloves unavailable)
Will    .....                    (boots unavailable)
Stlth   +.........               (no amulet)
HPRegen 0.21/turn                (no ring)
MPRegen 0.08/turn                (no ring)

@: very quick
A: very small, no large weapons, unfitting armour, see invisible, speed 3
a: no special abilities


You were on level 1 of the Dungeon.
You visited 1 branch of the dungeon, and saw 1 of its levels.

Inventory:

Hand Weapons
 a - a +0 rapier (weapon)
Missiles
 d - 3 throwing nets (quivered)
 e - 2 boomerangs
Armour
 b - a +0 robe (worn)
 c - a +0 hat (worn)
Scrolls
 f - a scroll of magic mapping {unknown}
Potions
 g - a potion of magic {unknown}


   Skills:
 + Level 1.7 Fighting
 - Level 3.2 Short Blades
 - Level 2.0 Throwing
 - Level 4.0 Dodging


You couldn't memorise any spells.
You didn't know any spells.
Your spell library was empty.

Dungeon Overview and Level Annotations

Branches:
Dungeon (1/15)

Altars:


Innate Abilities, Weirdness & Mutations

You are very small and have problems with some larger weapons.
You are too small for most types of armour.
You have supernaturally acute eyesight. (SInv)
You cover ground extremely quickly. (Speed+++)


Message History

Welcome, NinjaNoafa the Spriggan Gladiator.
The Orb of Zot is coveted for many reasons.
Will you seize it for your own?
Press ? for a list of commands and other information.
Found a scroll labelled IZA HUSAOMM.
Found a staircase leading out of the dungeon.
f - a scroll labelled IZA HUSAOMM You open the door.
There is an open door here.
g - a coppery potion A goblin comes into view.
It is wielding a +0 club.
A goblin comes into view. It is wielding a +0 club.
The goblin shouts!
A kobold comes into view.
It is wielding a +2 whip of electrocution.
You see here a puce potion.
A rat comes into view.
The rat moves out of view.
Found 10 gold pieces and a scroll labelled HONOKL HOIDEO.
The goblin shouts!
The kobold shouts!
You puncture the goblin!
You kill the goblin!
The goblin closely misses you.
You see here a +0 club.
You barely miss the kobold.
The kobold hits you with a +2 whip of electrocution.
You are electrocuted!
Ouch! That really hurt!
You die...

#. #. # .. .# #
#. #.# #?####.
...
.......###.#
.......K...#.$#
#......@r.....#
#######g####..#
#...###..#
#..!.....#
##...####.#
#.........#
#.######### #.#
#.# #.# #.#


You could see a goblin, a kobold and a rat.

Vanquished Creatures
  A goblin (D:1)
1 creature vanquished.

Notes
Turn   | Place    | Note
-------+----------+-------------------------------------------
     0 | D:1      | NinjaNoafa the Spriggan Gladiator began the quest for the
                  | Orb.
     0 | D:1      | Reached XP level 1. HP: 10/10 MP: 2/2
    54 | D:1      | Mangled by a kobold

Illustrated notes

Levels and vault maps discovered:
D:1:      lightli_arrival_quake, layout_loops_ring

Action                   || total
-------------------------++-------
Melee: Rapier            ||     2
Dodge: Dodged            ||     1

Table legend: (Time is in decaauts)
 A = Elapsed time spent in this place.
 B = Non-inter-level travel time spent in this place.
 C = Inter-level travel time spent in this place.
 D = Time resting spent in this place.
 E = Time spent auto-exploring this place.
 F = Levels seen in this place.
 G = Mean time per level.
                   A        B        C        D        E       F      G
               +--------+--------+--------+--------+--------+-----+--------+
         Total |     34 |     34 |      0 |      0 |     26 |   1 |   34.0 |
       Dungeon |     34 |     34 |      0 |      0 |     26 |   1 |   34.0 |
               +--------+--------+--------+--------+--------+-----+--------+

Top non-repeatable levels by time:
     D:1: 34 daAuts
